 Dungeon Crawl Stone Soup version 0.30-a0-883-g5ad918d77d (webtiles) character file.

Game seed: 8608414595417535017

95869 AtlasWard the Executioner (level 16, -3/155 HPs)
             Began as a Hill Orc Fighter on Mar 16, 2023.
             Was a High Priest of Okawaru.
             Slain by a large abomination (24 damage)
             ... on level 2 of the Abyss.
             The game lasted 01:02:56 (28228 turns).

AtlasWard the Executioner (Hill Orc Fighter)       Turns: 28228, Time: 01:02:56

Health: -3/155     AC: 18    Str: 22 (23) XL:     16   Next: 15%
Magic:  0/25       EV:  6    Int: 14      God:    Okawaru [*****.]
Gold:   1821       SH: 10    Dex:  5      Spells: 15/15 levels left

rFire   + . .      SeeInvis +    a - +5 broad axe of Untruth {drain, rN+++ rCorr Dex-5 Stlth-}
rCold   x . .      Faith    .    Q - +2 kite shield
rNeg    + + +      Spirit   +    V - +0 plate armour of Jaifan {rElec Will+ Int+3}
rPois   .          Reflect  .    t - +0 helmet
rElec   +          Rampage  .    Z - scarf {rC+ rF+}
rCorr   +          Rage     9%   (no gloves)
Will    ++...                    Y - +0 pair of boots of Kuin Cer {Int+3} Stlth
                                 k - amulet of guardian spirit
HPRegen 0.45/turn                L - ring of see invisible
MPRegen 0.19/turn                q - +4 ring of protection

@: about to teleport, unable to read
A: [berserk 2], [deformed body], [deterioration 2], [weak 2], [cold
vulnerability 2], [inability to read after injury 2]
a: Renounce Religion, Heroism, Finesse, Duel


You were on level 2 of the Abyss.
You worshipped Okawaru.
Okawaru was extremely pleased with you.
You visited 3 branches of the dungeon, and saw 21 of its levels.
You visited the Abyss 1 time.
You also visited: Ossuary.

You collected 2097 gold pieces.
You spent 276 gold pieces at shops.

Inventory:

Hand Weapons
 a - the +5 broad axe of Untruth (weapon) {drain, rN+++ rCorr Dex-5 Stlth-}
   (Okawaru gifted it to you on level 5 of the Lair of Beasts)

   Dex:       It affects your dexterity (-5).
   rN:        It renders you almost immune to negative energy.
   rCorr:     It protects you from acid and corrosion.
   Stlth:     It makes you less stealthy.
 b - a +4 scimitar of flaming
 K - the +3 executioner's axe "Syroisch" {freeze, rF+++ Str-5 Int+6}
   (Okawaru gifted it to you on level 1 of the Lair of Beasts)

   Str:       It affects your strength (-5).
   Int:       It affects your intelligence (+6).
   rF:        It renders you almost immune to fire.
Missiles
 f - 31 poisoned darts (quivered)
 j - 2 throwing nets
 E - 7 atropa-tipped darts
Armour
 t - a +0 helmet (worn)
 Q - a +2 kite shield (worn)
 V - the +0 plate armour of Jaifan (worn) {rElec Will+ Int+3}
   (You found it on level 3 of the Lair of Beasts)

   Int:       It affects your intelligence (+3).
   rElec:     It insulates you from electricity.
   Will:      It increases your willpower.
 Y - the +0 pair of boots of Kuin Cer (worn) {Int+3}
   (Okawaru gifted it to you on level 5 of the Lair of Beasts)

   Int:       It affects your intelligence (+3).
 Z - a scarf of resistance (worn)
Jewellery
 g - a ring of willpower
 k - an amulet of guardian spirit (around neck)
 q - a +4 ring of protection (right hand)
 L - a ring of see invisible (left hand)
 O - a ring of ice
 P - a ring of willpower
 R - a ring of protection from fire
 U - a ring of flight
Wands
 n - a wand of flame (12)
 w - a wand of paralysis (9)
Scrolls
 e - 8 scrolls of teleportation
 l - 6 scrolls of fear
 o - 7 scrolls of immolation
 r - 9 scrolls of identify
 x - 5 scrolls of vulnerability
 y - 2 scrolls of enchant weapon
 z - 9 scrolls of magic mapping
 B - 2 scrolls of enchant armour
 F - 2 scrolls of silence
 I - 5 scrolls of blinking
 J - a scroll of brand weapon
 M - 2 scrolls of torment
 S - 5 scrolls of fog
Potions
 c - a potion of flight
 d - 4 potions of might
 h - 3 potions of ambrosia
 i - 2 potions of heal wounds
 m - 4 potions of brilliance
 p - 4 potions of mutation
 A - 16 potions of curing
 D - 3 potions of cancellation
 G - 7 potions of haste
 N - 2 potions of invisibility
 X - 2 potions of magic


   Skills:
 + Level 17.3 Fighting
 + Level 23.4 Axes
 + Level 12.9 Armour
 - Level 4.0 Dodging
 + Level 5.9 Shields
 + Level 12.5 Invocations


You had 15 spell levels left.
You didn't know any spells.
Your spell library contained the following spells:

 Spells                   Type           Power      Damage    Failure   Level
 Beastly Appendage        Tmut           0%         N/A       100%        1
 Foxfire                  Conj/Fire      0%         2x1d4     100%        1
 Magic Dart               Conj           0%         1d3       100%        1
 Cigotuvi's Dreadful Rot  Necr/Pois/Air  0%         N/A       100%        2
 Poisonous Vapours        Pois/Air       0%         N/A       100%        2
 Sublimation of Blood     Necr           0%         N/A       100%        2
 Wereblood                Tmut           0%         N/A       100%        2
 Ignite Poison            Fire/Tmut/Pois 0%         N/A       100%        3
 Inner Flame              Hex/Fire       0%         N/A       100%        3
 Kindle Blastsparks       Fire/Tloc/Air  0%         2d10      100%        3
 Mephitic Cloud           Conj/Pois/Air  0%         N/A       100%        3
 Ozocubu's Armour         Ice            0%         N/A       100%        3
 Spider Form              Tmut/Pois      0%         N/A       100%        3
 Airstrike                Air            0%         2d(0-16)  100%        4
 Dispel Undead            Necr           0%         3d6       100%        4
 Flame Wave               Conj/Fire      0%         2d4       100%        4
 Fulminant Prism          Conj/Hex       0%         3d5       100%        4
 Iskenderun's Mystic Bla  Conj/Tloc      0%         2d3       100%        4
 Passage of Golubria      Tloc           0%         N/A       100%        4
 Petrify                  Tmut/Erth      0%         N/A       100%        4
 Sticky Flame             Conj/Fire      0%         2d3       100%        4
 Fireball                 Conj/Fire      0%         3d3       100%        5
 Irradiate                Conj/Tmut      0%         3d11      100%        5
 Lee's Rapid Deconstruct  Erth           0%         3d4*      100%        5
 Lightning Bolt           Conj/Air       0%         1d11      100%        5
 Yara's Violent Unravell  Hex/Tmut       0%         3d3       100%        5
 Starburst                Conj/Fire      0%         6d3       100%        6
 Ozocubu's Refrigeration  Ice            0%         4d7       100%        7
 Ignition                 Fire           0%         3d3       100%        8
 Call Imp                 Summ           Unusable   N/A       N/A         2
 Tukima's Dance           Hex            Unusable   N/A       N/A         3
 Summon Lightning Spire   Summ/Air       Unusable   N/A       N/A         4
 Death Channel            Necr           Unusable   N/A       N/A         6

Dungeon Overview and Level Annotations

Branches:
Dungeon (15/15)            Temple (1/1) D:7            Lair (5/5) D:9
 Shoals (0/4) Lair:3       Spider (0/4) Lair:2        Slime (0/5) Lair:4
    Orc (0/2) D:11         Vaults (0/5) D:13         Depths (0/4) D:15
Ossuary (visited)

Altars:
Ashenzari
Cheibriados
Dithmenos
Elyvilon
Fedhas
Gozag
Hepliaklqana
Kikubaaqudgha
Makhleb
Nemelex Xobeh
Okawaru
Qazlal
Ru
Sif Muna
Trog
Uskayaw
Vehumet
Wu Jian
Xom
Yredelemnul
Zin
The Shining One
Jiyva

Shops:
D:4 [   D:7 *   D:11 ?   D:12 *   D:15 ?

Portals:
Trove: D:10 (give 3 potions of resistance)

Annotations:
D:2 Sigmund


Innate Abilities, Weirdness & Mutations

[You have an uncontrollable temper.]
[Armour fits poorly on your strangely shaped body.]
[Your body often deteriorates upon taking damage.]
[You are very weak. (Str -4)]
[You are very vulnerable to cold. (rC--)]
[You sometimes lose the ability to read scrolls when taking damage.]


Message History

The wretched star glows turbulently.
The lance of force hits you but does no damage.
You block the titan zombie's attack.
Unknown command.
Unknown command.
Things that are here:
a +0 whip; a +0 robe The wretched star pulses with an eldritch light!
You feel weaker. x2
Press: ? - help, . - travel, g - get item You can't see that place. [Stash: the +6 broad axe of the Maze {flame, rC++ Will+ Str+2}] [the floor.]
You are suddenly pulled into a different region of the Abyss!
Unknown command.
A large abomination emerges from the beyond.
Unknown command.
Unknown command.
A wretched star comes into view.
As you read the scroll of teleportation, it crumbles to dust.
You feel strangely unstable.
You feel the power of the Abyss delaying your translocation!
The wretched star glows turbulently.
The lance of force hits you!!
* * * LOW HITPOINT WARNING * * *
You are knocked back by the lance of force.
You slam into the rock wall!
* * * LOW HITPOINT WARNING * * *
The large abomination attacks as you move away!
The large abomination hits you!
* * * LOW HITPOINT WARNING * * *
The wretched star pulses with an eldritch light!
Your body twists and deforms.
The wretched star pulses with an eldritch light!
You occasionally lose the ability to read scrolls when taking damage.
You lose the ability to read scrolls when taking damage more often.
The large abomination attacks as you move away!
The large abomination hits you!!
You feel threatened and lose the ability to read scrolls!
You die...

. . #### .#.# .
### ###. #.# ...#
#.#####.### #....
#. #....#.##...
#. ...#...#..##..
.##.#.#........#
##..####.#..#.###
#..##..#.....#
.#@......# ###
###X#.#..#
#.....##.# #
##.#..*...#
#.#.###### #.##.
## .# ##


You could see a wretched star and a large abomination.

Vanquished Creatures
  Rupert (D:13)
  Azrael (D:12)
  Snorg (D:11)
  A fire dragon (D:12)
  A rakshasa (Abyss:2)
  Erolcha (D:13)
  5 hydras
  A catoblepas (D:15)
  9 centaur warriors
  6 boulder beetles
  5 two-headed ogres
  A vampire mage (D:15)
  A thrashing horror (Abyss:2)
  3 tengu warriors
  A skyshark (shapeshifter) (D:13)
  6 skeletal warriors (D:15)
  A lindwurm (Lair:5)
  2 orc knights (D:13)
  Pikel (D:7)
  A harpy (shapeshifter) (D:13)
  An obsidian statue (D:14)
  A necromancer (D:15)
  7 ugly things
  A stone giant zombie (D:15)
  8 cyclopes
  2 manticores
  A salamander (shapeshifter) (D:15)
  A rust devil (D:14)
  4 elephants
  A merfolk siren (Lair:3)
  6 gargoyles
  3 black mambas
  2 kobold demonologists (D:10)
  14 cane toads
  A cane toad (shapeshifter) (D:13)
  2 rime drakes
  2 efreet
  14 komodo dragons
  3 tengu conjurers
  An ice devil (D:14)
  A red devil (D:14)
  A meliai (D:13)
  A hellwing (D:14)
  3 merfolk (Lair:3)
  A wolf spider simulacrum (D:14)
  5 polar bears (Lair:5)
  3 trolls
  5 hornets (Lair:5)
  7 dream sheep (Lair:5)
  19 blink frogs
  2 spriggan zombies (D:15)
  17 slime creatures
  2 shadows
  11 spriggans (Lair:5)
  A culicivora (shapeshifter) (D:13)
  8 wyverns
  A vampire (D:13)
  5 fire bats (D:10)
  2 ynoxinuls
  Eustachio (D:5)
  4 fire elementals
  3 water elementals (D:12)
  46 yaks
  5 wraiths
  16 humans (D:13)
  A basilisk (Lair:3)
  11 vampire mosquitoes
  A swamp worm (shapeshifter) (D:13)
  A basilisk (shapeshifter) (D:13)
  4 redbacks (Lair:2)
  Edmund (D:4)
  12 water moccasins
  4 hell hounds
  3 acid dragons
  A water moccasin (shapeshifter) (D:12)
  A glowing shapeshifter zombie (D:15)
  Duvessa (D:6)
  An ice beast (D:7)
  A swamp drake (D:11)
  4 orc warriors
  3 sky beasts
  8 boggarts
  3 ogres
  5 black bears
  33 wolves
  14 centaurs
  3 elf zombies
  4 lemures
  2 phantoms
  7 kobold brigands
  3 gnoll sergeants
  13 bullfrogs
  An elf skeleton (D:5)
  4 scorpions
  4 wights (D:9)
  Dowan (D:6)
  10 killer bees
  3 howler monkeys
  8 electric eels
  3 crimson imps (D:14)
  4 hounds
  A quasit (D:14)
  A human zombie (D:5)
  2 jellies (D:5)
  7 orc priests
  3 gnoll boudas
  A human skeleton (D:5)
  2 iguanas
  2 iron imps (D:14)
  A sleepcap (D:5)
  Crazy Yiuf (D:7)
  10 orc wizards
  3 hound zombies (Ossuary)
  4 mummies (Ossuary)
  13 adders
  18 gnolls
  2 shadow imps (D:6)
  2 white imps
  An adder zombie (Ossuary)
  3 worms
  3 dart slugs
  46 orcs
  11 bats
  4 endoplasms
  A giant cockroach (D:2)
  A gnoll zombie (Ossuary)
  4 hobgoblins
  12 jackals
  4 quokkas
  2 ball pythons
  5 frilled lizards
  A hobgoblin zombie (Ossuary)
  A jackal zombie (Ossuary)
  21 kobolds
  An orc skeleton (D:5)
  3 orc zombies (Ossuary)
  4 rats
  A rat zombie (Ossuary)
679 creatures vanquished.

Vanquished Creatures (others)
  A large abomination (D:14)
  2 shadow imps (D:14)
  A white imp (D:14)
  67 fungi
  81 plants
  5 withered plants (D:15)
157 creatures vanquished.

Grand Total: 836 creatures vanquished

Notes
Turn   | Place    | Note
-------+----------+-------------------------------------------
     0 | D:1      | AtlasWard the Hill Orc Fighter began the quest for the Orb.
     0 | D:1      | Reached XP level 1. HP: 19/19 MP: 1/1
    60 | D:1      | Reached skill level 3 in Axes
   127 | D:1      | Reached XP level 2. HP: 27/27 MP: 2/2
   656 | D:1      | Found a faded altar of an unknown god.
   968 | D:2      | Reached XP level 3. HP: 31/33 MP: 3/3
  1298 | D:2      | Reached skill level 4 in Axes
  1338 | D:2      | Reached XP level 4. HP: 34/40 MP: 4/4
  1469 | D:2      | Noticed Sigmund
  1662 | D:3      | Reached XP level 5. HP: 47/47 MP: 5/5
  2095 | D:3      | Reached skill level 5 in Axes
  2228 | D:4      | Noticed a phantom
  2248 | D:4      | Killed a phantom
  2249 | D:4      | Reached XP level 6. HP: 38/55 MP: 4/6
  2310 | D:4      | Noticed Edmund
  2394 | D:4      | Killed Edmund
  2395 | D:4      | Reached skill level 5 in Fighting
  2395 | D:4      | Reached skill level 6 in Axes
  2652 | D:4      | Reached XP level 7. HP: 61/61 MP: 7/7
  2778 | D:4      | Found Nesmei's Armour Shop.
  2920 | D:5      | Entered Level 5 of the Dungeon
  2948 | D:5      | Reached skill level 5 in Armour
  2958 | D:5      | Noticed Eustachio
  3023 | D:5      | Reached skill level 5 in Shields
  3039 | D:4      | Reached skill level 7 in Axes
  3205 | D:5      | Reached skill level 8 in Axes
  3205 | D:5      | Reached XP level 8. HP: 49/70 MP: 6/8
  3243 | D:5      | Found a sand-covered staircase.
  3257 | Ossuary  | Entered an ossuary
  3669 | D:5      | Reached skill level 9 in Axes
  4085 | D:5      | Killed Eustachio
  4272 | D:5      | Reached skill level 10 in Axes
  4495 | D:6      | Reached XP level 9. HP: 63/79 MP: 9/9
  4652 | D:6      | Noticed Dowan
  4652 | D:6      | Noticed Duvessa
  4853 | D:6      | Killed Dowan
  4855 | D:6      | Killed Duvessa
  5369 | D:6      | Found a blossoming altar of Fedhas.
  5707 | D:7      | Reached skill level 11 in Axes
  5708 | D:7      | Found a staircase to the Ecumenical Temple.
  5720 | D:7      | Noticed Pikel
  5726 | Temple   | Entered the Ecumenical Temple
  6019 | Temple   | Became a worshipper of Warmaster Okawaru
  6056 | D:7      | Killed Pikel
  6116 | D:7      | Reached * piety under Okawaru
  6117 | D:7      | Reached skill level 12 in Axes
  6529 | D:7      | Noticed a two-headed ogre
  6541 | D:7      | Killed a two-headed ogre
  6542 | D:7      | Reached XP level 10. HP: 56/91 MP: 6/10
  6681 | D:7      | Reached skill level 13 in Axes
  6798 | D:7      | Found Dalay's Assorted Antiques.
  6908 | D:7      | Found a runed translucent door.
  6909 | D:7      | Noticed Crazy Yiuf
  7180 | D:7      | Killed Crazy Yiuf
  7264 | D:8      | Found an ancient bone altar of Kikubaaqudgha.
  7366 | D:8      | Noticed a two-headed ogre
  7379 | D:8      | Killed a two-headed ogre
  7379 | D:8      | Reached ** piety under Okawaru
  7490 | D:8      | Noticed a centaur warrior
  7504 | D:8      | Killed a centaur warrior
  7504 | D:8      | Reached *** piety under Okawaru
  7505 | D:8      | Reached skill level 14 in Axes
  7552 | D:8      | Reached skill level 10 in Fighting
  7776 | D:8      | Noticed a two-headed ogre
  7795 | D:8      | Killed a two-headed ogre
  7859 | D:8      | Reached XP level 11. HP: 63/100 MP: 6/11
  8086 | D:8      | Reached **** piety under Okawaru
  8109 | D:8      | Found a broken altar of Ashenzari.
  8110 | D:8      | Found a shimmering blue altar of Sif Muna.
  8110 | D:8      | Found a burning altar of Makhleb.
  8110 | D:8      | Found a bloodstained altar of Trog.
  8111 | D:8      | Found a hazy altar of Hepliaklqana.
  8114 | D:8      | Found a hide-covered altar of Uskayaw.
  8278 | D:8      | Reached skill level 1 in Invocations
  8609 | D:9      | Reached skill level 15 in Axes
  8912 | D:9      | Found a staircase to the Lair.
  9104 | D:9      | Noticed a two-headed ogre
  9118 | D:9      | Killed a two-headed ogre
  9119 | D:9      | Reached skill level 10 in Armour
  9289 | D:9      | Noticed a boulder beetle
  9351 | D:9      | Killed a boulder beetle
 10040 | Lair:1   | Entered Level 1 of the Lair of Beasts
 10052 | Lair:1   | Reached skill level 16 in Axes
 10251 | Lair:1   | Reached ***** piety under Okawaru
 10440 | Lair:1   | Reached skill level 5 in Invocations
 10592 | Lair:1   | Identified the +0 flail of Inefruth {vamp, rElec}
 10754 | Lair:1   | Received a gift from Okawaru
 10800 | Lair:1   | Reached XP level 12. HP: 108/111 MP: 16/16
 10864 | Lair:1   | Reached skill level 17 in Axes
 10967 | Lair:1   | Identified the +3 executioner's axe "Syroisch" {freeze,
                  | rF+++ Str-5 Int+6} (Okawaru gifted it to you on level 1 of
                  | the Lair of Beasts)
 10967 | Lair:1   | Received a gift from Okawaru
 12514 | Lair:2   | Reached skill level 18 in Axes
 12539 | Lair:2   | Found a hole to the Spider Nest.
 13636 | Lair:3   | Reached XP level 13. HP: 114/122 MP: 15/19
 13732 | Lair:3   | Identified the +3 robe "Etoeff" {rF+ rCorr}
 14031 | Lair:3   | Reached skill level 19 in Axes
 14077 | Lair:3   | Found a staircase to the Shoals.
 14095 | Lair:3   | Identified the +0 plate armour of Jaifan {rElec Will+
                  | Int+3}
 14465 | Lair:4   | Found a viscous altar of Jiyva.
 14466 | Lair:4   | Found a staircase to the Slime Pits.
 14513 | Lair:4   | Reached ****** piety under Okawaru
 14522 | Lair:4   | Received a gift from Okawaru
 14641 | Lair:4   | Identified the +0 pair of boots "Voovox" {Stlth+}
 15530 | Lair:5   | Entered Level 5 of the Lair of Beasts
 15552 | Lair:5   | Found a glowing silver altar of Zin.
 15597 | Lair:5   | Reached skill level 10 in Invocations
 15705 | Lair:5   | Identified the +2 robe "Isil Ifa" {Archmagi}
 15724 | Lair:5   | Reached skill level 20 in Axes
 15822 | Lair:5   | Identified the +0 pair of boots of Kuin Cer {Int+3}
                  | (Okawaru gifted it to you on level 5 of the Lair of Beasts)
 15822 | Lair:5   | Received a gift from Okawaru
 16755 | Lair:5   | Reached skill level 21 in Axes
 16882 | Lair:5   | Reached XP level 14. HP: 133/133 MP: 21/21
 17098 | Lair:5   | Identified the +5 broad axe of Untruth {drain, rN+++ rCorr
                  | Dex-5 Stlth-} (Okawaru gifted it to you on level 5 of the
                  | Lair of Beasts)
 17098 | Lair:5   | Received a gift from Okawaru
 17220 | Lair:5   | Reached skill level 15 in Fighting
 17724 | D:10     | Entered Level 10 of the Dungeon
 18119 | D:10     | Found the +7 great mace "Firestarter" {flame, inner flame,
                  | rFlCloud rF++}
 18133 | D:10     | Reached skill level 1 in Dodging
 18568 | D:10     | Found a portal to a secret trove of treasure.
 18677 | D:11     | Noticed Snorg
 18688 | D:11     | Killed Snorg
 18688 | D:11     | Received a gift from Okawaru
 18994 | D:11     | Found Teethruph's Magic Scroll Boutique.
 19002 | D:11     | Bought a scroll of teleportation for 48 gold pieces
 19060 | D:11     | Found a staircase to the Orcish Mines.
 19068 | D:11     | Reached skill level 22 in Axes
 19808 | D:12     | Found Nyrocvir's Demolitions Depot.
 21280 | D:12     | Noticed Azrael
 21339 | D:11     | Received a gift from Okawaru
 21351 | D:12     | Killed Azrael
 22092 | D:12     | Reached XP level 15. HP: 103/143 MP: 16/23
 22812 | D:13     | Noticed Rupert
 22812 | D:13     | Found a gate to the Vaults.
 23325 | D:13     | Noticed Erolcha
 23518 | D:13     | Killed Erolcha
 24098 | D:13     | Identified the +6 battleaxe of Recklessness {speed, Fly rC-
                  | rCorr Str+6} (Okawaru gifted it to you on level 13 of the
                  | Dungeon)
 24098 | D:13     | Received a gift from Okawaru
 24778 | D:13     | Killed Rupert
 25484 | D:14     | Reached skill level 23 in Axes
 25889 | D:14     | Received a gift from Okawaru
 26586 | D:15     | Entered Level 15 of the Dungeon
 27343 | D:15     | Found Vemeeg's Magic Scroll Shop.
 27344 | D:15     | Found a staircase to the Depths.
 27355 | D:15     | Reached XP level 16. HP: 141/155 MP: 20/25
 27804 | D:15     | Bought a scroll of blinking for 90 gold pieces
 27804 | D:15     | Bought a scroll of fear for 48 gold pieces
 27804 | D:15     | Bought a scroll of magic mapping for 90 gold pieces
 28056 | Abyss:2  | Cast into level 2 of the Abyss (a wizard)
 28150 | Abyss:2  | HP: 5/155 [stone wall collision (11)]
 28158 | Abyss:2  | Identified the +6 broad axe of the Maze {flame, rC++ Will+
                  | Str+2} (Okawaru gifted it to you on level 2 of the Abyss)
 28158 | Abyss:2  | Received a gift from Okawaru
 28158 | Abyss:2  | HP: 4/155 [wretched star/lance of force (14)]
 28228 | Abyss:2  | Slain by a large abomination

Illustrated notes

Levels and vault maps discovered:
D:1:      dpeg_arrival_court, layout_basic, shapermc_ecumenical_altar_acropolis
D:2:      layout_loops_corners, lexackson_kobold_supper, uniq_sigmund,
          uniq_natasha
D:3:      layout_loops_ring, moated_statue
D:4:      layout_cave_pools, serial_shops,
          nicolae_shop_competitors_out_of_business, uniq_edmund
D:5:      layout_loops_ring, nicolae_ossuary_entry_catacombs, nrook_campfire,
          uniq_eustachio
D:6:      layout_rooms, fedhas_altar_fruit_tree, roderic_batcave,
          glass_columns_c, uniq_duvessa
D:7:      layout_loops_corners, minmay_temple_entry_large_hall, serial_shops,
          shop, uniq_crazy_yiuf_cottage, uniq_pikel
D:8:      minmay_opposing_rooms, layout_cave_pools, minitemple, st_stairs_9
D:9:      layout_loops_corners, due_lair_maze_entry_diamond,
          kennysheep_just_a_vault
D:10:     minmay_firetagon, layout_loops_ring, enter_trove_3,
          minmay_crystal_room
D:11:     layout_irregular_city, erik_orc_1, serial_shops, shop,
          minmay_crystal_water, minmay_starry_boxes, uniq_snorg
D:12:     minmay_connected_boxes_in_corner, layout_basic, nicolae_blasting_shop,
          kennysheep_generic_room_4, uniq_azrael
D:13:     hangedman_cross_stitches, layout_grid_maze, david_vaults_3,
          uniq_erolcha
D:14:     layout_irregular_city, serial_column_ruins,
          column_ruins_courtyard_long_water, column_ruins_square_medium,
          column_ruins_columns_T, column_ruins_open_small,
          column_ruins_corridor_dead_end, column_ruins_grid_1,
          column_ruins_open_tiny, hangedman_devilish_allure
D:15:     gammafunk_depths_entry_grave, layout_loops_ring, serial_shops, shop
Temple:   minmay_temple_curvy_branch
Lair:1:   layout_gridlike
Lair:2:   layout_chaotic_city, spider_nest_entry_funnel_web
Lair:3:   layout_regular_city, elwin_shoals_entry_stream,
          chequers_serial_rivers_large_a, infiniplex_staircase_pool_2,
          serial_bayou_shore_b
Lair:4:   layout_hall_layers, slime_entry_1
Lair:5:   minmay_lair_end_enchanted_forest, layout_regular_city, basic_altar
Abyss:2:  base:
D:2

Skill      XL: |  1  2  3  4  5  6  7  8  9 10 11 12 13 14 15 |
---------------+----------------------------------------------+-----
Axes           | 3 4 5 6 8 10 12 14 16 18 21 22 23 | 23.4
Fighting       | 4 5 6 7 9 10 11 13 14 15 17 | 17.3
Armour         | 4 5 6 8 9 10 11 12 | 12.9
Shields        | 4 5 |  5.9
Invocations    | 5 8 10 11 12 | 12.5
Dodging        | 3 4 |  4.0

Action                     |  1- 3 |  4- 6 |  7- 9 | 10-12 | 13-15 | 16-18 || total
---------------------------+-------+-------+-------+-------+-------+-------++-------
  Melee: War axe           |   121 |   132 |   419 |   445 |       |       ||  1117
         Flail             |       |       |       |   118 |    78 |       ||   196
         Broad axe         |       |       |       |   169 |  1204 |   128 ||  1501
         Executioner's axe |       |       |       |       |    30 |       ||    30
         Scimitar          |       |       |       |       |    21 |       ||    21
  Throw: Dart              |       |       |       |     2 |     1 |       ||     3
 Invoke: Heroism           |       |       |       |     3 |    14 |       ||    17
         Finesse           |       |       |       |       |     3 |       ||     3
  Evoke: Wand              |       |       |       |       |     3 |       ||     3
    Use: Potion            |       |     1 |       |       |     1 |     5 ||     7
         Scroll            |       |       |    15 |     5 |     4 |     4 ||    28
 Armour: Scale mail        |    22 |       |       |       |       |       ||    22
         Plate armour      |    79 |   123 |   301 |   424 |   706 |    68 ||  1701
  Dodge: Dodged            |    38 |    36 |    98 |   143 |   314 |    30 ||   659
  Block: Buckler           |    26 |    30 |       |       |       |       ||    56
         Kite shield       |       |       |   200 |   407 |   624 |    46 ||  1277

Table legend: (Time is in decaauts)
 A = Elapsed time spent in this place.
 B = Non-inter-level travel time spent in this place.
 C = Inter-level travel time spent in this place.
 D = Time resting spent in this place.
 E = Time spent auto-exploring this place.
 F = Levels seen in this place.
 G = Mean time per level.
                   A        B        C        D        E       F      G
               +--------+--------+--------+--------+--------+-----+--------+
         Total |  28156 |  27222 |    934 |    141 |  21520 |  23 | 1224.2 |
       Dungeon |  19816 |  19181 |    635 |    134 |  14966 |  15 | 1321.1 |
        Temple |    317 |    274 |     43 |      0 |    251 |   1 |  317.0 |
          Lair |   7467 |   7211 |    256 |      7 |   5956 |   5 | 1493.4 |
         Abyss |    166 |    166 |      0 |      0 |     46 |   1 |  166.0 |
       Ossuary |    388 |    388 |      0 |      0 |    300 |   1 |  388.0 |
               +--------+--------+--------+--------+--------+-----+--------+

Top non-repeatable levels by time:
    D:12: 3160 daAuts
  Lair:5: 2016 daAuts
    D:14: 1866 daAuts
    D:13: 1730 daAuts
     D:9: 1639 daAuts
     D:7: 1572 daAuts
    D:11: 1546 daAuts
  Lair:2: 1539 daAuts
  Lair:1: 1481 daAuts
  Lair:3: 1309 daAuts
     D:5: 1284 daAuts
     D:8: 1187 daAuts
  Lair:4: 1121 daAuts
    D:15: 999 daAuts
    D:10: 901 daAuts
